 Dungeon Crawl Stone Soup version 0.28.0-45-g0d030f2227 (webtiles) character file.

Game seed: 5894484585443993691

85 Ablot the Grasshopper (level 4, -3/38 HPs)
             Began as a Gnoll Warper on Apr 9, 2022.
             Slain by Terence
             ... wielding a +0 flail
              (7 damage)
             ... on level 3 of the Dungeon.
             The game lasted 00:02:09 (2781 turns).

Ablot the Grasshopper (Gnoll Warper)                Turns: 2781, Time: 00:02:10

Health: -3/38      AC:  3    Str: 13    XL:     4   Next: 48%
Magic:  8/11       EV: 12    Int: 12    God:
Gold:   81         SH:  0    Dex: 11    Spells: 11/13 levels left

rFire   . . .      SeeInvis .   a - +0 spear
rCold   . . .      Faith    .   (no shield)
rNeg    . . .      Spirit   .   b - +0 leather armour
rPois   .          Reflect  .   (no helmet)
rElec   .          Harm     .   (no cloak)
rCorr   .          Rampage  .   (no gloves)
Will    .....                   (no boots)
Stlth   +.........              (no amulet)
HPRegen 0.12/turn               (no ring)
MPRegen 0.12/turn               (no ring)

@: no status effects
A: fangs 1, strong nose, distributed training
a: no special abilities


You were on level 3 of the Dungeon.
You visited 1 branch of the dungeon, and saw 3 of its levels.

You collected 81 gold pieces.

Inventory:

Hand Weapons
 a - a +0 spear (weapon)
Missiles
 d - 5 boomerangs of dispersal
 e - 27 bolts
 g - 88 stones
 m - 4 javelins (quivered)
 q - 37 arrows
Armour
 b - a +0 leather armour (worn)
Wands
 o - a wand of flame (15)
Scrolls
 c - a scroll of blinking
 f - 5 scrolls of identify {unknown}
 h - a scroll of enchant armour {unknown}
 i - 2 scrolls of enchant weapon {unknown}
 k - a scroll of fear {unknown}
 l - 2 scrolls of fog {unknown}
 n - a scroll of holy word {unknown}
 p - a scroll of immolation {unknown}
Potions
 j - 3 potions of flight {unknown}


   Skills:
 + Level 4.6 Fighting
 + Level 1.1 Short Blades
 + Level 1.1 Long Blades
 + Level 1.1 Axes
 + Level 1.1 Maces & Flails
 + Level 4.6 Polearms
 + Level 1.1 Staves
 + Level 1.1 Slings
 + Level 1.1 Bows
 + Level 1.1 Crossbows
 + Level 2.7 Throwing
 + Level 2.7 Armour
 + Level 4.6 Dodging
 + Level 1.1 Stealth
 + Level 1.1 Shields
 + Level 1.1 Unarmed Combat
 + Level 5.1 Spellcasting
 + Level 0.9 Conjurations
 + Level 0.9 Hexes
 + Level 0.9 Summonings
 + Level 0.9 Necromancy
 + Level 5.4 Translocations
 + Level 0.9 Transmutations
 + Level 0.9 Fire Magic
 + Level 0.9 Ice Magic
 + Level 0.9 Air Magic
 + Level 0.9 Earth Magic
 + Level 0.9 Poison Magic
 + Level 1.2 Invocations
 + Level 1.1 Evocations


You had 11 spell levels left.
You knew the following spells:

 Your Spells              Type           Power      Damage    Failure   Level
a - Blink                 Tloc           32%        N/A       4%          2

Your spell library contained the following spells:

 Spells                   Type           Power      Damage    Failure   Level
 Gell's Gravitas          Tloc           16%        N/A       8%          3
 Lesser Beckoning         Tloc           16%        N/A       8%          3
 Teleport Other           Tloc           16%        N/A       8%          3
 Manifold Assault         Tloc           16%        N/A       58%         5


Dungeon Overview and Level Annotations

Branches:
Dungeon (3/15)

Altars:
Gozag

Annotations:
D:3 3 runed translucent doors, Terence; Vangrel's ghost, amateur HOFi


Innate Abilities, Weirdness & Mutations

You have very sharp teeth.
Your uncanny sense of smell can sniff out nearby items.
Your experience applies equally to all skills.


Message History

Casting: Blink (safe; 4% risk of failure)
Confirm with . or Enter, or press ? or * to list all spells.
You blink.
You completely miss Terence. Terence hits you with a +0 flail.
You hit Terence.
Terence is lightly wounded.
Terence hits you but does no damage. Terence hits you with a +0 flail!
You hit Terence but do no damage.
Terence is lightly wounded.
Terence hits you with a +0 flail.
* * * LOW HITPOINT WARNING * * *
You barely miss Terence.
Terence is lightly wounded.
Terence hits you but does no damage.
You barely miss Terence.
Terence is lightly wounded.
You feel stable enough to blink again. Terence hits you with a +0 flail.
* * * LOW HITPOINT WARNING * * *
Terence hits you with a +0 flail.
* * * LOW HITPOINT WARNING * * *
Casting: Blink (safe; 4% risk of failure)
Confirm with . or Enter, or press ? or * to list all spells.
You blink.
Throw: 6 javelins
Press: ? - help, Q - select action, (/) - cycle Shift-Dir - straight line, f - Terence
Aim: Terence, wielding a +0 flail and wearing a +2 chain mail of cold resistance (lightly wounded, fast, 67% to hit)
You throw a javelin. The javelin closely misses Terence.
Unknown command.
Throw: 5 javelins
Press: ? - help, Q - select action, (/) - cycle Shift-Dir - straight line, f/p - Terence
Aim: Terence, wielding a +0 flail and wearing a +2 chain mail of cold resistance (lightly wounded, fast, 67% to hit)
You throw a javelin. The javelin pierces through Terence.
Terence is lightly wounded.
Terence completely misses you. Terence barely misses you.
You hit Terence but do no damage. Your bite misses Terence.
Terence is lightly wounded.
You feel stable enough to blink again. Terence hits you with a +0 flail!
You die...

### #<# #.##.#
..###.#######.##(#
.................#..#
#.###.##...>.....+...#
#.##...#.######..#....##
#........# #(.# ....##
####...### #..# ....##
#####.## #.@# ....
......# #.@#####'#######
####### #...............
#...............
################


You could see Terence (fast).

Vanquished Creatures
  An orc wizard (D:2)
  An adder (D:2)
  4 dart slugs
  2 orcs
  2 bats (D:1)
  5 endoplasms
  3 giant cockroaches
  2 goblins
  2 hobgoblins (D:1)
  4 kobolds
  4 quokkas
  2 ball pythons (D:1)
  3 frilled lizards
  3 rats (D:1)
38 creatures vanquished.

Vanquished Creatures (others)
  3 fungi (D:2)
  A plant (D:2)
4 creatures vanquished.

Grand Total: 42 creatures vanquished

Notes
Turn   | Place    | Note
-------+----------+-------------------------------------------
     0 | D:1      | Ablot the Gnoll Warper began the quest for the Orb.
     0 | D:1      | Reached XP level 1. HP: 20/20 MP: 6/6
   176 | D:1      | Reached XP level 2. HP: 4/26 MP: 7/7
   180 | D:1      | Learned a level 2 spell: Blink
   959 | D:1      | Reached XP level 3. HP: 28/31 MP: 9/9
  1067 | D:1      | Reached skill level 5 in Spellcasting
  1498 | D:2      | Found a faded altar of an unknown god.
  1671 | D:2      | Reached skill level 1 in Invocations
  2051 | D:2      | Reached skill level 1 in Short Blades
  2051 | D:2      | Reached skill level 1 in Long Blades
  2051 | D:2      | Reached skill level 1 in Axes
  2051 | D:2      | Reached skill level 1 in Maces & Flails
  2051 | D:2      | Reached skill level 1 in Staves
  2051 | D:2      | Reached skill level 1 in Slings
  2051 | D:2      | Reached skill level 1 in Bows
  2051 | D:2      | Reached skill level 1 in Crossbows
  2051 | D:2      | Reached skill level 1 in Stealth
  2051 | D:2      | Reached skill level 1 in Shields
  2051 | D:2      | Reached skill level 1 in Unarmed Combat
  2051 | D:2      | Reached skill level 1 in Evocations
  2074 | D:2      | Reached XP level 4. HP: 4/38 MP: 11/11
  2415 | D:3      | Found a runed translucent gate.
  2415 | D:3      | Found a runed translucent gate.
  2415 | D:3      | Found a runed translucent gate.
  2416 | D:3      | Found an opulent altar of Gozag.
  2588 | D:3      | Noticed Vangrel's ghost (amateur HOFi)
  2761 | D:3      | Noticed Terence
  2781 | D:3      | Slain by Terence

Illustrated notes

Levels and vault maps discovered:
D:1:      psy_arrival_basics, layout_loops_cross, corexii_leaking_fountain
D:2:      layout_loops_cross, dreamdust_ecumenical_altar_hidden_monk_grotto
D:3:      layout_loops_ring, ebering_ghost_gozag, supply_closet_lemuel,
          minmay_quadrilaterals, uniq_terence

Skill      XL: |  1  2  3 |
---------------+----------+-----
Spellcasting   | 5 |  5.1
Invocations    | 1 |  1.2
Short Blades   | 1 |  1.1
Long Blades    | 1 |  1.1
Axes           | 1 |  1.1
Maces & Flails | 1 |  1.1
Staves         | 1 |  1.1
Slings         | 1 |  1.1
Bows           | 1 |  1.1
Crossbows      | 1 |  1.1
Stealth        | 1 |  1.1
Shields        | 1 |  1.1
Unarmed Combat | 1 |  1.1
Evocations     | 1 |  1.1
Fighting       | |  4.6
Polearms       | |  4.6
Throwing       | |  2.7
Armour         | |  2.7
Dodging        | |  4.6
Conjurations   | |  0.9
Hexes          | |  0.9
Summonings     | |  0.9
Necromancy     | |  0.9
Translocations | |  5.4
Transmutations | |  0.9
Fire Magic     | |  0.9
Ice Magic      | |  0.9
Air Magic      | |  0.9
Earth Magic    | |  0.9
Poison Magic   | |  0.9

Action                   |  1- 3 |  4- 6 || total
-------------------------+-------+-------++-------
Melee: Spear             |   149 |    27 ||   176
       Bite              |    13 |     2 ||    15
       Punch             |     5 |     1 ||     6
Throw: Javelin           |       |     2 ||     2
 Cast: Blink             |       |     2 ||     2
 Stab: Sleeping          |     5 |     1 ||     6
Armor: Leather armour    |    23 |     5 ||    28
Dodge: Dodged            |    53 |    12 ||    65
